 Dungeon Sprint DCSS version 0.25.0-46-gbd7b0854d2 (webtiles) character file.

Game seed: 13058787350758811048

17644 MordorOrchid the Blocker (level 12, -24/117 HPs)
             Began as an Octopode Ice Elementalist on July 16, 2020.
             Was an Initiate of Gozag.
             Killed from afar by a pearl dragon (31 damage)
             ... with a blast of cleansing flame
             ... in the Dungeon (Sprint V: "Ziggurat Sprint").
             The game lasted 00:18:11 (1356 turns).

MordorOrchid the Blocker (OpIE)                     Turns: 1356, Time: 00:18:12

Health: -24/117    AC:  1    Str: 14    XL:     12   Next: 50%
Magic:  34/34      EV: 16    Int: 38    God:    Gozag
Gold:   1212       SH: 31    Dex: 19    Spells: 5/29 levels left

rFire    + . .     SeeInvis .   a - +7 Screaming Sword {vorpal, sonic wave}
rCold    . . .     Gourm    .   P - +18 shield of the Gong {rElec rN+ MR+ EV-5}
rNeg     + . .     Faith    .   (helmet restricted)
rPois    .         Spirit   .   R - amulet of the acrobat
rElec    +         Reflect  .   s - +6 ring of dexterity
rCorr    .         Harm     .   t - +6 ring of dexterity
MR       ++...     NoTele   +   u - +6 ring of intelligence
Stlth    ..........             S - ring of Luroxzes {rF+ Str-4 Int+10 Dex-3 Stlth-} (curse)
HPRegen  0.29/turn              w - +6 ring of strength
MPRegen  0.24/turn              x - +6 ring of strength
                                N - ring of magical power
                                O - ring of protection from magic

@: mighty, berserking, stab, very slightly contaminated, hasted, glowing,
invisible (but backlit and visible), very quick
A: almost no armour, stealthy swim, amphibious, 8 rings, constrict 8, camouflage
1, clumsy 1, frail 1, weak 1, gelatinous body 1
a: Potion Petition, Call Merchant, Bribe Branch, Renounce Religion


You were in the Dungeon.
You worshipped Gozag.
Gozag was most pleased with you.
You were not hungry.

You visited 1 branch You collected 6102 gold pieces.
You spent 1284 gold pieces at shops.
You paid 3606 gold pieces to Gozag.

Inventory:

Hand Weapons
 a - the +7 Screaming Sword (weapon) {vorpal, sonic wave}
   (You found it in the Dungeon)

   It inflicts extra damage upon your enemies.
 y - the +14 obsidian axe {vorpal, +Fly SInv *Curse}
   (You found it in the Dungeon)

   It inflicts extra damage upon your enemies.
   It lets you see invisible.
   It lets you fly.
   It curses itself when equipped.
 B - the +8 lance "Wyrmbane" {slay drac, rPois rF+ rC+ AC+3}
   (You found it in the Dungeon)

   It affects your AC (+3).
   It protects you from fire.
   It protects you from cold.
   It protects you from poison.
 Q - the +6 morningstar "Osufriv" {freeze, rF++}
   (You found it in the Dungeon)

   It has been specially enchanted to freeze those struck by it, causing extra
   injury to most foes and up to half again as much damage against particularly
   susceptible opponents.
   It can also slow down cold-blooded creatures.
   It greatly protects you from fire.
Missiles
 I - 1122 arrows
 K - 2 throwing nets (quivered)
Armour
 P - the +18 shield of the Gong (worn) {rElec rN+ MR+ EV-5}
   (You found it in the Dungeon)

   It affects your evasion (-5).
   It insulates you from electricity.
   It protects you from negative energy.
   It affects your resistance to hostile enchantments.
Magical Staves
 q - an uncursed staff of energy
 z - an uncursed staff of wizardry
Jewellery
 s - a +6 ring of dexterity (left tentacle)
 t - a +6 ring of dexterity (right tentacle)
 u - a +6 ring of intelligence (on tentacle)
 v - a +6 ring of intelligence
 w - a +6 ring of strength (on tentacle)
 x - a +6 ring of strength (on tentacle)
 N - a ring of magical power (on tentacle)
 O - a ring of protection from magic (on tentacle)
 R - an amulet of the acrobat (around mantle)
 S - the cursed ring of Luroxzes (on tentacle) {rF+ Str-4 Int+10 Dex-3 Stlth-}
   (You found it in the Dungeon)

   [ring of strength]

   It affects your strength (-4).
   It affects your intelligence (+10).
   It affects your dexterity (-3).
   It protects you from fire.
   It makes you less stealthy.
   It has a curse placed upon it.
 V - an uncursed ring of stealth
Wands
 n - a wand of disintegration (4)
 o - a wand of iceblast (7)
 p - a wand of acid (7)
Scrolls
 h - 4 scrolls of blinking
 i - 3 scrolls of brand weapon
 C - 4 scrolls of amnesia
 D - 7 scrolls of fog
 E - 2 scrolls of holy word
 F - 3 scrolls of identify
 G - 4 scrolls of remove curse
 H - 2 scrolls of fear
 T - a scroll of enchant armour
Potions
 c - 10 potions of curing
 d - 18 potions of heal wounds
 e - 7 potions of haste
 f - 7 potions of magic
 g - 2 potions of berserk rage
 j - 4 potions of resistance
 l - 5 potions of stabbing
 m - 2 potions of might
 A - 3 potions of brilliance
 U - a potion of mutation
Miscellaneous
 k - 3 phantom mirrors
 r - a lightning rod (4/4)
 J - a tin of tremorstones (1/3)
 L - a tin of tremorstones (1/3)
 M - 2 boxes of beasts
Comestibles
 b - 6 rations


   Skills:
 - Level 10.0 Fighting
 - Level 10.0 Long Blades
 * Level 9.5 Dodging
 - Level 2.6 Stealth
 * Level 13.7 Shields
 * Level 9.3 Spellcasting
 * Level 9.3 Conjurations
 - Level 8.0 Summonings
 * Level 7.6 Fire Magic
 * Level 13.1 Ice Magic
 * Level 4.7 Air Magic
 * Level 6.9 Earth Magic
 - Level 6.0 Evocations


You had 5 spell levels left.
You knew the following spells:

 Your Spells              Type           Power        Failure   Level  Hunger
a - Freeze                Ice            ####         0%          1    None
e - Sticky Flame          Conj/Fire      ######..     1%          4    None
h - Bolt of Magma         Conj/Fire/Erth ######....   2%          5    ##.....
l - Freezing Cloud        Conj/Ice/Air   ######....   10%         6    ####...
r - Hailstorm             Conj/Ice       #######.     1%          4    None
s - Summon Ice Beast      Ice/Summ       #######.     1%          4    None

Your spell library contained the following spells:

 Spells                   Type           Power        Failure   Level  Hunger
 Foxfire                  Conj/Fire      ####         1%          1    None
 Sandblast                Erth           ######       1%          1    None
 Summon Butterflies       Summ           ######..     1%          1    None
 Poisonous Vapours        Pois/Air       #####.       1%          2    None
 Swiftness                Chrm/Air       #####...     1%          2    None
 Conjure Flame            Conj/Fire      ######..     1%          3    None
 Frozen Ramparts          Ice            ######       1%          3    None
 Inner Flame              Hex/Fire       #####...     1%          3    None
 Mephitic Cloud           Conj/Pois/Air  ######..     1%          3    None
 Ozocubu's Armour         Chrm/Ice       ######..     1%          3    None
 Static Discharge         Conj/Air       ######..     1%          3    None
 Stone Arrow              Conj/Erth      ######       1%          3    None
 Infusion                 Chrm           ###.         2%          1    None
 Fireball                 Conj/Fire      ######....   2%          5    ##.....
 Summon Demon             Summ           ######....   2%          5    ##.....
 Shroud of Golubria       Chrm/Tloc      ###...       3%          2    None
 Airstrike                Air            ######....   3%          4    None
 Lee's Rapid Deconstruct  Erth           ######....   4%          5    ##.....
 Metabolic Englaciation   Hex/Ice        ######....   4%          5    ##.....
 Petrify                  Tmut/Erth      #####...     6%          4    None
 Confusing Touch          Hex            ###.....     8%          3    None
 Gell's Gravitas          Tloc           ###.......   8%          3    None
 Cause Fear               Hex            ###.......   26%         4    None
 Silence                  Hex/Air        #####.....   26%         5    ##.....
 Yara's Violent Unravell  Hex/Tmut       ###.......   56%         5    ##.....
 Iron Shot                Conj/Erth      ######....   14%         6    ####...
 Conjure Ball Lightning   Conj/Air       ######....   22%         6    ####...
 Simulacrum               Ice/Necr       ######....   26%         6    ####...
 Haunt                    Necr/Summ      #####.....   99%         7    ######.
 Ring of Flames           Chrm/Fire      #####.....   99%         7    ######.
 Borgnjor's Revivificati  Necr           ###.......   100%        8    #######
 Death's Door             Chrm/Necr      ###.......   100%        8    #######
 Discord                  Hex            ###.......   100%        8    #######
 Infestation              Necr           ###.......   100%        8    #######
 Necromutation            Tmut/Necr      ###.......   100%        8    #######


Dungeon Overview and Level Annotations

Branches:
Dungeon (1/1)

Altars:
Ashenzari
Cheibriados
Dithmenos
Elyvilon
Fedhas
Gozag
Hepliaklqana
Kikubaaqudgha
Makhleb
Nemelex Xobeh
Okawaru
Qazlal
Ru
Sif Muna
Trog
Uskayaw
Vehumet
Wu Jian
Xom
Yredelemnul
Zin
The Shining One
Beogh
Jiyva
Lugonu

Shops:
D *

Annotations:
D 1 transporter


Innate Abilities, Weirdness & Mutations

You cannot wear most types of armour.
You are very stealthy in the water. (Stealth+)
You are amphibious.
You can wear up to eight rings at the same time.
You can use your tentacles to constrict eight enemies at once.
Your skin changes colour to match your surroundings (Stealth+).
Your rubbery body absorbs attacks. (AC +1, EV +1)
You are clumsy. (Dex -2)
You are frail. (-10% HP)
You are weak. (Str -2)


Message History

The angel is heavily wounded.
The pearl dragon is moderately wounded. x2
The pearl dragon is heavily wounded.
Your grab misses the angel.
The angel is heavily wounded.
The angel hits you with a +3 whip of holy wrath.
* * * LOW HITPOINT WARNING * * *
The angel hits you with a +3 whip of holy wrath.
* * * LOW HITPOINT WARNING * * *
You block the pearl dragon's attack.
BOUMMMMG!
The pearl dragon claws you.
* * * LOW HITPOINT WARNING * * *
You block the pearl dragon's attack.
BOUMMMMG!
The pearl dragon completely misses you.
The pearl dragon breathes cleansing flame at you.
The blast of cleansing flame engulfs you!!
You die...
Your body crumbles into a pile of gold.

▓..8©8...▓..
▓..[))...▓..
▓...))...▓..
▓▓▓▓▓▓▓▓▓▓▓▓▓........▓..
▓....8©8....▓........▓..
▓..)}:|[=|..▓........▓..
▓...)!)[=[..▓...©....▓..
▓.....DA....▓▓▓▓▓▓▓▓▓▓▓▓
▓....GD@....▓...8©8...▓.
▓.....§.D...▓..|..)...▓.
▓...........▓...[.)...▓(
▓.....§.....▓.........▓.
▓..▓.§§§.▓..▓.........▓.
▓....§§§....▓.........▓.
▓....§§§....▓.........▓.
▓▓▓▓▓▓▓▓▓▓▓▓▓.▓.....▓.▓.
▓....8©8....▓....©....▓.


You could see 3 pearl dragons, an angel and an ophan.

Vanquished Creatures
  A very ugly thing (D)
  2 vault guards (D)
  3 skeletal warriors (D)
  A deep troll (shapeshifter) (D)
  A deep elf archer (D)
  A lindwurm (shapeshifter) (D)
  An orc knight (D)
  2 orb spiders (D)
  A harpy (D)
  3 ugly things (D)
  3 shining eyes (D)
  3 wolf spiders (D)
  A cyclops (D)
  A moth of wrath (shapeshifter) (D)
  An eye of devastation (D)
  An eye of devastation (shapeshifter) (D)
  A demonic crawler (D)
  3 merfolk (D)
  A yaktaur (D)
  A wind drake (shapeshifter) (D)
  3 jumping spiders (D)
  2 hornets (D)
  A slime creature (shapeshifter) (D)
  3 redbacks (D)
  A vampire (D)
  A shadow (D)
  2 tarantellas (D)
  A golden eye (shapeshifter) (D)
  A water moccasin (D)
  A swamp worm (shapeshifter) (D)
  A hell hound (D)
  A black bear (shapeshifter) (D)
  An eye of draining (D)
  4 centaurs (D)
  2 scorpions (D)
  A wight (D)
  2 orc priests (D)
  3 jellies (D)
  An orc wizard (D)
  An adder (D)
  An ufetubus (D)
  2 oozes (D)
  An adder skeleton (D)
  An adder zombie (D)
  3 orcs (D)
  A ball python (D)
  2 bat skeletons (D)
  A bat zombie (D)
  A giant cockroach zombie (D)
78 creatures vanquished.

Vanquished Creatures (collateral kills)
  2 merfolk (D)
  2 slime creatures (D)
  A hippogriff (D)
  A golden eye (D)
  A centaur (D)
  A jelly (D)
  An ooze (D)
9 creatures vanquished.

Grand Total: 87 creatures vanquished

Notes
Turn   | Place    | Note
-------+----------+-------------------------------------------
     0 | D        | MordorOrchid the Octopode Ice Elementalist began the quest
                  | for the Orb.
     0 | D        | Reached XP level 1. HP: 11/11 MP: 3/3
     0 | D        | Found a shimmering blue altar of Sif Muna.
     0 | D        | Found a sacrificial altar of Ru.
     0 | D        | Found a bloodstained altar of Trog.
     0 | D        | Found a stormy altar of Qazlal.
     0 | D        | Found an iron altar of Okawaru.
     0 | D        | Found a sparkling altar of Nemelex Xobeh.
     0 | D        | Found a blossoming altar of Fedhas.
     1 | D        | Found the +6 Majin-Bo {vamp, Archmagi MP+6 Int+6}
     1 | D        | Found the +7 great mace "Firestarter" {inner flame, rF++}
     6 | D        | Found a corrupted altar of Lugonu.
     6 | D        | Found an ancient bone altar of Kikubaaqudgha.
     6 | D        | Found a burning altar of Makhleb.
     6 | D        | Found a transporter.
     6 | D        | Found a viscous altar of Jiyva.
     6 | D        | Found a hazy altar of Hepliaklqana.
    23 | D        | Found the +9 heavy crossbow "Sniper" {vorpal, Acc+∞ SInv}
    23 | D        | Found the +10 dark maul {vorpal}
    23 | D        | Found the +15 Maxwell's patent armour {-Cast -Tele rElec
                  | MR+ rCorr}
    23 | D        | Found the +18 shield of the Gong {rElec rN+ MR+ EV-5}
    23 | D        | Found the cursed +14 obsidian axe {vorpal, +Fly SInv
                  | *Curse}
    31 | D        | Found the +6 shillelagh "Devastator" {shatter}
    31 | D        | Found the +11 plutonium sword {*Contam Stlth-}
    31 | D        | Found the +8 lance "Wyrmbane" {slay drac, rPois rF+ rC+
                  | AC+3}
    31 | D        | Found the +9 sword of Zonguldrok {reap}
    31 | D        | Found the cursed +13 scythe of Curses {drain, *Curse}
    31 | D        | Found the +0 sword of Power
    31 | D        | Found the +7 mace of Variability {chain chaos}
    31 | D        | Found the +7 Singing Sword {vorpal, sonic wave}
    31 | D        | Found the +8 storm bow {elec, penet}
    34 | D        | Found an opulent altar of Gozag.
    50 | D        | Became a worshipper of Gozag Ym Sagoz the Greedy
    56 | D        | Reached skill level 5 in Fighting
    56 | D        | Reached skill level 5 in Shields
    56 | D        | Reached XP level 2. HP: 24/24 MP: 5/5
    62 | D        | Entered arena 2.
    62 | D        | Found a transporter.
    74 | D        | Entered arena 3.
    74 | D        | Noticed a water moccasin
    74 | D        | Found a transporter.
    80 | D        | Killed a water moccasin
    80 | D        | Reached XP level 3. HP: 30/30 MP: 5/7
    80 | D        | Reached XP level 4. HP: 36/36 MP: 5/8
    80 | D        | Reached XP level 5. HP: 41/41 MP: 5/9
    87 | D        | Entered arena 4.
    87 | D        | Noticed a hell hound
    87 | D        | Found a transporter.
    93 | D        | Killed a hell hound
    93 | D        | Reached XP level 6. HP: 33/46 MP: 6/11
   101 | D        | Entered arena 5.
   101 | D        | Found a transporter.
   124 | D        | Learned a level 4 spell: Hailstorm
   129 | D        | Learned a level 4 spell: Summon Ice Beast
   191 | D        | Entered arena 6.
   191 | D        | Noticed a slime creature
   191 | D        | Noticed a golden eye
   191 | D        | Noticed a slime creature
   191 | D        | Found a transporter.
   194 | D        | Killed a golden eye
   194 | D        | Reached skill level 1 in Summonings
   195 | D        | Killed a slime creature
   195 | D        | Reached skill level 1 in Conjurations
   195 | D        | Reached XP level 7. HP: 53/53 MP: 11/13
   199 | D        | Killed a slime creature
   199 | D        | Reached skill level 5 in Evocations
   207 | D        | Got Erotug's Incunabulum of Damaging Contamination
   209 | D        | Entered arena 7.
   209 | D        | Noticed a merfolk
   209 | D        | Noticed a merfolk
   209 | D        | Noticed a merfolk
   210 | D        | Found the +8 whip "Snakebite" {curare, rPois}
   210 | D        | Found a transporter.
   218 | D        | Killed a merfolk
   218 | D        | Reached skill level 5 in Long Blades
   218 | D        | Reached skill level 5 in Dodging
   218 | D        | Reached skill level 5 in Spellcasting
   218 | D        | Reached XP level 8. HP: 45/60 MP: 13/15
   219 | D        | Killed a merfolk
   219 | D        | Reached skill level 10 in Ice Magic
   222 | D        | Killed a merfolk
   229 | D        | Got Sif Muna's Disquisition on Gliding Snow
   241 | D        | Entered arena 8.
   241 | D        | Noticed a merfolk
   241 | D        | Noticed a merfolk
   241 | D        | Noticed a hippogriff
   241 | D        | Noticed a cyclops
   242 | D        | Found a transporter.
   246 | D        | Killed a hippogriff
   246 | D        | Reached XP level 9. HP: 31/66 MP: 17/17
   250 | D        | Killed a cyclops
   251 | D        | Killed a merfolk
   254 | D        | Killed a merfolk
   254 | D        | Reached skill level 5 in Conjurations
   254 | D        | Reached skill level 5 in Summonings
   289 | D        | Learned a level 4 spell: Sticky Flame
   504 | D        | Entered arena 9.
   504 | D        | Noticed a wolf spider
   504 | D        | Noticed a jumping spider
   504 | D        | Noticed a wolf spider
   505 | D        | Found a transporter.
   510 | D        | Killed a wolf spider
   510 | D        | Reached skill level 1 in Fire Magic
   511 | D        | Killed a wolf spider
   511 | D        | Reached XP level 10. HP: 47/73 MP: 19/19
   533 | D        | Got Jazuosa's Catalogue of the Rocks
   542 | D        | Learned a level 5 spell: Bolt of Magma
   760 | D        | Entered arena 10.
   760 | D        | Noticed an eye of devastation
   760 | D        | Noticed a shining eye
   761 | D        | Found a transporter.
   770 | D        | Gained mutation: You are frail. (-10% HP) [a shining eye]
   771 | D        | Killed an eye of devastation
   771 | D        | Reached skill level 1 in Earth Magic
   774 | D        | Killed a shining eye
   791 | D        | Entered arena 11.
   791 | D        | Noticed an orc knight
   791 | D        | Noticed a brown ugly thing
   791 | D        | Noticed a cyan ugly thing
   791 | D        | Noticed a harpy
   791 | D        | Noticed a deep elf archer
   791 | D        | Noticed a vault guard
   791 | D        | Noticed a vault guard
   794 | D        | Killed a harpy
   794 | D        | Reached skill level 10 in Shields
   795 | D        | Found a transporter.
   801 | D        | Killed a vault guard
   801 | D        | HP: 2/66 [vault guard/+0 great sword (24)]
   804 | D        | Killed an orc knight
   804 | D        | Reached XP level 11. HP: 37/72 MP: 22/22
   804 | D        | Killed a cyan ugly thing
   804 | D        | Killed a deep elf archer
   808 | D        | Killed a vault guard
   808 | D        | Reached skill level 10 in Fighting
   809 | D        | Killed a cyan ugly thing
   809 | D        | Reached skill level 5 in Fire Magic
   969 | D        | Entered arena 12.
   969 | D        | Identified the +10 long sword of a volcano {pain, Dex+5}
   969 | D        | Noticed a skeletal warrior
   969 | D        | Noticed a skeletal warrior
   969 | D        | Noticed a skeletal warrior
   980 | D        | Killed a skeletal warrior
   981 | D        | Killed a skeletal warrior
   984 | D        | Killed a skeletal warrior
   985 | D        | Found a transporter.
  1022 | D        | Got the Compendium of Boosting Slavery
  1026 | D        | Got the +6 morningstar "Osufriv" {freeze, rF++}
  1036 | D        | Learned a level 6 spell: Freezing Cloud
  1049 | D        | Entered arena 13.
  1049 | D        | Noticed an orb spider
  1049 | D        | Noticed a wolf spider
  1050 | D        | Noticed an orb spider
  1051 | D        | Found the +3 warlock's mirror {reflect}
  1054 | D        | Found a transporter.
  1062 | D        | Reached skill level 10 in Long Blades
  1062 | D        | Reached skill level 1 in Air Magic
  1063 | D        | Killed a wolf spider
  1063 | D        | Reached skill level 5 in Earth Magic
  1066 | D        | Killed an orb spider
  1066 | D        | Killed an orb spider
  1066 | D        | Reached XP level 12. HP: 78/78 MP: 14/24
  1092 | D        | Got the cursed ring of Luroxzes {rF+ Str-4 Int+10 Dex-3
                  | Stlth-}
  1198 | D        | Bought a scroll labeled VEAHYM JUDELUR for 26 gold pieces
  1198 | D        | Bought a viscous white potion for 23 gold pieces
  1198 | D        | Bought a scroll of blinking for 195 gold pieces
  1198 | D        | Bought a potion of brilliance for 104 gold pieces
  1198 | D        | Bought a potion of haste for 260 gold pieces
  1198 | D        | Bought a box of beasts for 520 gold pieces
  1198 | D        | Bought 2 potions of curing for 156 gold pieces
  1202 | D        | Entered arena 14.
  1208 | D        | Noticed a green very ugly thing
  1208 | D        | Gained mutation: You are clumsy. (Dex -2) [a shining eye]
  1211 | D        | Found a transporter.
  1212 | D        | Noticed an anaconda
  1212 | D        | a water nymph changed into an anaconda
  1216 | D        | an anaconda changed into a slime creature
  1217 | D        | Gained mutation: You are weak. (Str -2) [a shining eye]
  1224 | D        | Killed a green very ugly thing
  1348 | D        | Entered arena 15.
  1351 | D        | Noticed a pearl dragon
  1351 | D        | Noticed a pearl dragon
  1351 | D        | Noticed a pearl dragon
  1352 | D        | Noticed an ophan
  1352 | D        | Noticed an angel
  1354 | D        | Found a transporter.
  1356 | D        | Killed from afar by a pearl dragon

Illustrated notes

Levels and vault maps discovered:
D:        sprint_v [room_start, room_1, room_2, room_3, room_4, room_5, room_6,
          room_7, room_8, room_9, room_10, room_11, room_12, room_13, room_14,
          room_15, room_16, room_17, room_18, room_19, room_20, room_21,
          room_22, room_23, room_24, room_25, room_26, room_27]

Skill      XL: |  1  2  3  4  5  6  7  8  9 10 11 12 |
---------------+-------------------------------------+-----
Fighting       | 5 6 7 8 9 10 | 10.0
Shields        | 5 6 7 9 10 12 13 | 13.7
Long Blades    | 2 3 4 5 7 8 10 | 10.0
Dodging        | 3 4 5 6 7 8 9 |  9.5
Spellcasting   | 3 4 5 6 7 8 9 |  9.3
Ice Magic      | 6 7 8 9 10 11 12 13 | 13.1
Evocations     | 2 3 4 5 6 |  6.0
Summonings     | 1 3 4 5 6 8 |  8.0
Conjurations   | 1 3 4 5 6 8 9 |  9.3
Fire Magic     | 2 4 6 7 |  7.6
Earth Magic    | 3 5 6 |  6.9
Air Magic      | 2 4 |  4.7
Stealth        | |  2.6

Action                   |  1- 3 |  4- 6 |  7- 9 | 10-12 || total
-------------------------+-------+-------+-------+-------++-------
Melee: Broad axe         |     3 |     8 |    14 |       ||    25
       Tentacles         |     1 |     1 |     6 |    18 ||    26
       Constrict         |     1 |     1 |     5 |    12 ||    19
       Double sword      |       |       |     4 |    45 ||    49
 Cast: Hailstorm         |       |       |       |    13 ||    13
       Freezing Cloud    |       |       |       |     1 ||     1
Invok: Potion Petition   |       |       |     1 |     7 ||     8
       Call Merchant     |       |       |       |     1 ||     1
Evoke: Wand              |       |       |       |     3 ||     3
       Tin of tremorston |       |       |       |     2 ||     2
  Use: Potion            |     5 |     5 |     2 |     7 ||    19
       Scroll            |       |       |     1 |     3 ||     4
 Stab: Sleeping          |     3 |     4 |     9 |     2 ||    18
       Invisible         |     1 |       |       |     2 ||     3
  Eat: Ration            |       |       |       |     1 ||     1
Dodge: Dodged            |     1 |       |     6 |     9 ||    16
Block: Kite shield       |       |     6 |    36 |    40 ||    82
       Rpst.: Double sword |       |       |       |     2 ||     2
